 Dungeon Crawl Stone Soup version 0.20-a0-641-g673355a (webtiles) character file.

96 FitzyFitz the Changer (level 4, -6/33 HPs)
             Began as a Barachian Transmuter on Feb 13, 2017.
             Mangled by CompileTime's ghost (8 damage)
             ... on level 3 of the Dungeon.
             The game lasted 00:08:00 (3227 turns).

FitzyFitz the Changer (Barachian Transmuter)        Turns: 3227, Time: 00:08:01

Health: -6/33      AC:  2    Str:  8    XL:     4   Next: 67%
Magic:  0/7        EV: 19    Int: 12    God:
Gold:   112        SH:  0    Dex: 16    Spells: 1/7 levels left

rFire    + . .     SeeInvis .     - Unarmed
rCold    . . .     Gourm    .   (armour currently unavailable)
rNeg     . . .     Faith    .   (shield currently unavailable)
rPois    x         Spirit   .   (helmet currently unavailable)
rElec    .         Reflect  .   (cloak currently unavailable)
rCorr    .         Harm     .   (gloves currently unavailable)
MR       .....                  (boots currently unavailable)
Stlth    +.........             (no amulet)
Regen    0.2/turn               (no ring)
MPRegen  0.1/turn               u - ring of protection from fire

@: spider-form, can't hop, very slightly contaminated
A: swims, (slowness 0), (strong legs 0)
a: End Transformation


You were on level 3 of the Dungeon.
You were not hungry.
You were a venomous arachnid creature.
You visited 1 branch of the dungeon, and saw 3 of its levels.

You collected 112 gold pieces.

Inventory:

Hand Weapons
 b - a +0 hunting sling
 h - a +0 hand axe
 p - a +0 rapier
Missiles
 l - 74 stones (quivered)
 o - 57 arrows
 s - 51 sling bullets
Armour
 a - a +0 robe (melded)
 i - a +1 pair of gloves (melded)
Jewellery
 u - a ring of protection from fire (left front leg)
Scrolls
 j - 2 scrolls of teleportation {unknown}
 m - 2 scrolls of identify {unknown}
 n - a scroll of amnesia {unknown}
 q - a scroll of remove curse {unknown}
 t - 2 scrolls of magic mapping {unknown}
Potions
 e - a potion of degeneration {unknown}
 f - a potion of cancellation {unknown}
 g - a potion of haste {unknown}
 k - a potion of lignification {unknown}
 r - a potion of resistance {unknown}
Books
 c - a book of Changes

   Spells                             Type                      Level
   a - Beastly Appendage              Transmutation                1
   b - Sticks to Snakes               Transmutation                2
   c - Spider Form                    Transmutation/Poison         3
   d - Ice Form                       Ice/Transmutation            4
   e - Blade Hands                    Transmutation                5
Comestibles
 d - a bread ration
 v - 3 chunks of flesh


   Skills:
 - Level 2.2 Fighting
 - Level 2.0 Dodging
 - Level 3.0 Unarmed Combat
 - Level 2.0 Spellcasting
 + Level 4.1 Transmutations
 + Level 0.6 Poison Magic


You had one spell level left.
You knew the following spells:

 Your Spells              Type           Power        Failure   Level  Hunger
a - Beastly Appendage     Tmut           ##....       17%         1    ##.....
b - Sticks to Snakes      Tmut           ##......     24%         2    ###....
c - Spider Form           Tmut/Pois      #.........   56%         3    ####...


Dungeon Overview and Level Annotations

Branches:
Dungeon (3/15)

Altars:

Annotations:
D:3 CompileTime's ghost, amateur DsAE


Innate Abilities, Weirdness & Mutations

You can swim through water.
((You cover ground slowly.))
((You can hop short distances.))


Message History

Hop to where?
Press: ? - help, Dir - move target cursor Boing!
Okay, then.
Unknown command.
Okay, then.
Unknown command.
Casting: Sticks to Snakes
Confirm with . or Enter, or press ? or * to list all spells.
You miscast Spider Form.
You are very lightly contaminated with residual magic.
Nothing appears to happen.
Casting: Spider Form
Confirm with . or Enter, or press ? or * to list all spells.
You turn into a venomous arachnid creature.
Your +1 pair of gloves melds into your body.
Your +0 robe melds into your body.
CompileTime's ghost barely misses you. CompileTime's ghost hits you!
You die...

.............#
..###..†.....#
###....#####
#....%.....#
#..........#
#..........#####
......!....[.....#
...........#.###W#
...........#.# #s#
.............# #.#
.............# #.#
..###.......# #.#
#.......# #†#
......# #.# #.#
#.# #.#######


You could see CompileTime's ghost.

Vanquished Creatures
  2 adders (D:2)
  4 worms (D:2)
  2 dart slugs
  4 leopard geckos
  A giant cockroach (D:2)
  9 goblins (D:1)
  7 hobgoblins
  2 jackals (D:2)
  2 ball pythons
  4 bats
  6 kobolds
  4 rats
47 creatures vanquished.

Vanquished Creatures (collateral kills)
  2 adders (D:3)
  A kobold (D:3)
3 creatures vanquished.

Grand Total: 50 creatures vanquished

Notes
Turn   | Place    | Note
-------+----------+-------------------------------------------
     0 | D:1      | FitzyFitz the Barachian Transmuter began the quest for the Orb.
     0 | D:1      | Reached XP level 1. HP: 15/15 MP: 3/3
   545 | D:1      | Reached XP level 2. HP: 9/22 MP: 0/5
  1176 | D:1      | Reached XP level 3. HP: 24/27 MP: 6/6
  1462 | D:1      | Learned a level 2 spell: Sticks to Snakes
  1466 | D:1      | Learned a level 3 spell: Spider Form
  1493 | D:1      | Reached skill level 3 in Transmutations
  2409 | D:2      | Reached XP level 4. HP: 23/33 MP: 7/7
  2875 | D:2      | Reached skill level 4 in Transmutations
  3207 | D:3      | Noticed CompileTime's ghost (amateur DsAE)
  3221 | D:3      | HP: 1/33 [CompileTime's ghost (7)]
  3227 | D:3      | Mangled by CompileTime's ghost

Vault maps used:
D:1:      ncdulo_lavacross
D:2:      grunt_ministairs_2, hangedman_decor_riveting
D:3:      grunt_dithmenos_smoke, nemelex_altar_shiori, first_bread

Skill      XL: |  1  2  3  4 |
---------------+-------------+-----
Fighting       | 2 |  2.2
Transmutations | 3 4 |  4.1
Dodging        | |  2.0
Unarmed Combat | |  3.0
Spellcasting   | |  2.0
Poison Magic   | |  0.6

Action                   |  1- 3 |  4- 6 || total
-------------------------+-------+-------++-------
Melee: Unarmed           |   196 |    65 ||   261
       Headbutt          |     6 |     2 ||     8
       Punch             |     2 |       ||     2
       Kick              |     5 |     4 ||     9
 Fire: Hunting sling     |    14 |       ||    14
 Cast: Beastly Appendage |    15 |     5 ||    20
       Sticks to Snakes  |     3 |     4 ||     7
       Spider Form       |       |     1 ||     1
 Abil: Hop               |       |     1 ||     1
 Stab: Distracted        |     1 |       ||     1
  Eat: Chunk             |     5 |     5 ||    10
Armor: Robe              |    61 |    16 ||    77
Dodge: Dodged            |   137 |    37 ||   174
